 Dungeon Crawl Stone Soup version 0.27-a0-417-g317cea8a3c (webtiles) character file.

Game seed: 13777749710556462223

9694 wampuh the Transmogrifier (level 11, -11/86 HPs)
             Began as a Pale Draconian Transmuter on Feb 25, 2021.
             Was a Believer of Ashenzari.
             Mangled by a cyan ugly thing (14 damage)
             ... on level 12 of the Dungeon.
             The game lasted 00:23:53 (19238 turns).

wampuh the Transmogrifier (DrTm)                   Turns: 19238, Time: 00:23:53

Health: -11/86     AC: 12    Str: 19    XL:     11   Next: 26%
Magic:  18/18      EV: 12    Int: 17    God:    Ashenzari [**....]
Gold:   665        SH:  0    Dex: 11    Spells: 9/20 levels left

rFire    . . .     SeeInvis .   C - staff of poison
rCold    . . .     Faith    .   (no shield)
rNeg     . . .     Spirit   .   (armour unavailable)
rPois    +         Reflect  .   (helmet restricted)
rElec    .         Harm     .   G - +0 cloak
rCorr    .         Rampage  .   d - +0 pair of gloves
Will     .....                  z - +2 pair of boots
Stlth    +.........             r - amulet of magic regeneration
HPRegen  0.24/turn              n - +6 ring of strength
MPRegen  0.41/turn              A - ring of wizardry

@: about to teleport, wereblooded, very slightly contaminated, invisible
A: breathe steam, unfitting armour, cold-blooded, AC +7
a: Breathe Steam, Renounce Religion, Curse Item, Scrying


You were on level 12 of the Dungeon.
You worshipped Ashenzari.
Ashenzari was pleased with you.
You visited 2 branches of the dungeon, and saw 13 of its levels.
You also visited: Ossuary.

You collected 665 gold pieces.

Inventory:

Armour
 d - a +0 pair of gloves (worn)
 z - a +2 pair of boots (worn)
 G - a +0 cloak (worn)
Magical Staves
 C - a staff of poison (weapon)
Jewellery
 n - a +6 ring of strength (left hand)
 r - an amulet of magic regeneration (around neck)
 t - a ring of flight
 A - a ring of wizardry (right hand)
 E - a ring of magical power
 F - a +4 ring of evasion
Wands
 b - a wand of digging (1)
 l - a wand of iceblast (38)
 y - a wand of paralysis (9)
 B - a wand of polymorph (8)
Scrolls
 f - 2 scrolls of magic mapping
 h - 5 scrolls of identify
 m - 6 scrolls of amnesia
 o - 4 scrolls of teleportation
 p - a scroll of holy word
 s - 3 scrolls of enchant weapon
 w - a scroll of silence
Potions
 a - 3 potions of curing
 c - a potion of cancellation
 e - 2 potions of attraction
 g - 2 potions of flight
 i - 2 potions of brilliance
 j - a potion of ambrosia
 k - 4 potions of mutation
 q - 4 potions of might
 v - 2 potions of lignification
 D - a potion of magic


   Skills:
 - Level 5.0 Fighting
 - Level 1.7 Dodging
 + Level 8.5 Unarmed Combat
 - Level 5.0 Spellcasting
 - Level 12.0 Transmutations
 - Level 6.0 Air Magic
 - Level 6.0 Evocations


You had 9 spell levels left.
You knew the following spells:

 Your Spells              Type           Power        Failure   Level
a - Beastly Appendage     Tmut           90%          1%          1
b - Wereblood             Tmut           45%          1%          2
c - Blade Hands           Tmut           22%          1%          5
d - Mephitic Cloud        Conj/Pois/Air  16%          8%          3

Your spell library contained the following spells:

 Spells                   Type           Power        Failure   Level
 Sting                    Tmut/Pois      100%         1%          1
 Spider Form              Tmut/Pois      18%          1%          3
 Poisonous Vapours        Pois/Air       42%          2%          2
 Ignite Poison            Fire/Tmut/Pois 26%          3%          3
 Ice Form                 Ice/Tmut       24%          4%          4
 Summon Small Mammal      Summ           16%          6%          1
 Call Imp                 Summ           4%           9%          2
 Call Canine Familiar     Summ           4%           16%         3
 Summon Guardian Golem    Hex/Summ       4%           16%         3
 Summon Lightning Spire   Summ/Air       14%          16%         4
 Olgreb's Toxic Radiance  Pois           6%           45%         4
 Summon Ice Beast         Ice/Summ       4%           45%         4


Dungeon Overview and Level Annotations

Branches:
Dungeon (12/15)            Temple (1/1) D:4            Lair (0/6) D:11
Ossuary (visited)
    Orc: D:9-12

Altars:
Ashenzari
Cheibriados
Dithmenos
Elyvilon
Gozag
Hepliaklqana
Kikubaaqudgha
Makhleb
Nemelex Xobeh
Okawaru
Qazlal
Ru
Sif Muna
Trog
Uskayaw
Vehumet
Wu Jian
Xom
Yredelemnul
Zin
The Shining One

Shops:
D:9 :

Annotations:
D:8 exclusion: obsidian statue
D:9 2 runed translucent doors
D:12 Jorgrun


Innate Abilities, Weirdness & Mutations

You can breathe blasts of scalding, opaque steam.
Your pale cyan-grey scales are hard. (AC +7)
You cannot fit into any form of body armour.
You are cold-blooded and may be slowed by cold attacks.


Message History

* * * LOW HITPOINT WARNING * * *
The yak gores you.
* * * LOW HITPOINT WARNING * * *
The yak is engulfed in a cloud of scalding steam.
The yak closely misses you. The yak gores you.
* * * LOW HITPOINT WARNING * * *
You are very lightly contaminated with residual magic.
As you read the scroll of fear, it crumbles to dust.
You assume a fearsome visage.
The orc looks frightened!
The yak looks frightened! x2; The orc looks frightened!
The yak looks frightened!
The orc misses you.
The yak is engulfed in a cloud of scalding steam.
You shred the orc!!!
You kill the orc!
You climb downwards.
The yak gores you but does no damage. The orc hits you but does no damage.
The yak barely misses you.
There is a stone staircase leading up, spattered with blood here.
An orc warrior comes into view. It is wielding a +0 flail.
You have got your breath back.
The yak barely misses you. The orc barely misses you.
The orc warrior moves out of view.
Your hands revert to their normal proportions.
Your staff of poison unmelds from your body.
Your +0 pair of gloves unmelds from your body.
Jorgrun Earthshaker comes into view.
He is wielding a +0 vorpal quarterstaff.
An orc comes into view. It is wielding a +0 trident.
An orc comes into view.
The orc warrior shouts!
The orc warrior completely misses you.
Found a stone staircase leading down.
There is an empty arch of ancient stone here.
There is nothing on the other side of the stone arch.
There is nothing on the other side of the stone arch.
As you read the scroll of teleportation, it crumbles to dust.
You feel strangely unstable. The orc closely misses you.
The cyan ugly thing barely misses you. The orc warrior closely misses you.
The cyan ugly thing kicks you.
* * * LOW HITPOINT WARNING * * *
The cyan ugly thing shocks you!
You die...

#................, ,
#.#.........###.# ,
.#............####*
, ,
,............<.##.##
, ,
#..................
, , ,
##........!...##../
, ###..o.oo.......#
, . ,
....o...uY.........
,
.......@......##...#
, * *#>...........##
....* ,
#.....##.....# ....
...... ........ ..
..... ......###. ,
...........## * . ,
* .... ......# ....
..## , * * ,


You could see a cyan ugly thing, a yak, an orc warrior and 3 orcs.

Vanquished Creatures
  A boulder beetle (D:10)
  A centaur warrior (D:11)
  2 two-headed ogres
  A deep elf pyromancer (D:12)
  A manticore (D:9)
  A cyclops (D:12)
  Maurice (D:10)
  2 trolls
  Eustachio (D:4)
  2 yaks (D:11)
  A wraith (D:11)
  A water moccasin (D:11)
  Duvessa (D:4)
  2 orc warriors (D:6)
  2 ice beasts (D:11)
  7 ogres
  7 centaurs
  A phantom (D:6)
  3 kobold brigands
  An elf zombie (Ossuary)
  4 bullfrogs
  A gnoll sergeant (D:9)
  Dowan (D:4)
  A wyvern zombie (D:9)
  A scorpion (D:9)
  11 killer bees
  A howler monkey (D:5)
  A bullfrog zombie (D:6)
  6 orc priests
  2 bullfrog skeletons
  4 centaur zombies
  3 hounds
  6 jellies
  4 centaur skeletons
  2 human zombies (Ossuary)
  2 iguanas
  5 orc wizards
  4 worker ants
  2 hound zombies (Ossuary)
  3 mummies (Ossuary)
  A hound skeleton (D:4)
  3 worker ant zombies
  10 gnolls
  11 adders
  3 white imps
  An adder skeleton (D:6)
  6 adder zombies (Ossuary)
  2 worms (D:2)
  2 dart slugs (D:1)
  4 leopard geckos
  45 orcs
  2 ball pythons
  4 giant cockroaches
  7 goblins
  3 hobgoblins
  6 jackals
  5 quokkas
  5 bats
  6 frilled lizards
  A giant cockroach zombie (D:5)
  4 goblin zombies (Ossuary)
  4 hobgoblin zombies (Ossuary)
  3 jackal zombies (Ossuary)
  20 kobolds
  3 kobold zombies (Ossuary)
  A leopard gecko skeleton (D:3)
  A quokka skeleton (D:5)
  2 quokka zombies
  2 rats (D:3)
  6 rat zombies (Ossuary)
276 creatures vanquished.

Vanquished Creatures (others)
  2 withered plants (D:3)
2 creatures vanquished.

Grand Total: 278 creatures vanquished

Notes
Turn   | Place    | Note
-------+----------+-------------------------------------------
     0 | D:1      | wampuh the Draconian Transmuter began the quest for the
                  | Orb.
     0 | D:1      | Reached XP level 1. HP: 16/16 MP: 3/3
   225 | D:1      | Reached XP level 2. HP: 10/23 MP: 3/5
   942 | D:1      | You fall into a shaft and drop 1 floor!
   987 | D:2      | Reached XP level 3. HP: 21/28 MP: 5/7
  1187 | D:2      | Learned a level 2 spell: Wereblood
  1221 | D:2      | Reached skill level 3 in Transmutations
  1574 | D:2      | Reached XP level 4. HP: 10/35 MP: 8/8
  2513 | D:3      | Reached XP level 5. HP: 31/40 MP: 8/10
  2658 | D:3      | Reached skill level 4 in Transmutations
  3366 | D:4      | Found a sand-covered staircase.
  3392 | Ossuary  | Entered an ossuary
  3536 | Ossuary  | Reached skill level 5 in Transmutations
  3536 | Ossuary  | Reached XP level 6. HP: 42/47 MP: 10/12
  4072 | Ossuary  | Reached skill level 6 in Transmutations
  4250 | Ossuary  | Your scales start taking on a pale cyan-grey colour.
  4250 | Ossuary  | Reached XP level 7. HP: 37/52 MP: 13/13
  4440 | D:4      | Noticed Duvessa
  4460 | D:4      | Killed Duvessa
  4460 | D:4      | Noticed Dowan
  4461 | D:4      | Reached skill level 7 in Transmutations
  4468 | D:5      | Entered Level 5 of the Dungeon
  4979 | D:4      | Killed Dowan
  5294 | D:4      | Noticed Eustachio
  5296 | D:4      | Reached skill level 8 in Transmutations
  5317 | D:4      | Killed Eustachio
  5318 | D:4      | Reached XP level 8. HP: 31/59 MP: 14/14
  5795 | D:4      | Reached skill level 9 in Transmutations
  5916 | D:4      | Found a staircase to the Ecumenical Temple.
  5922 | Temple   | Entered the Ecumenical Temple
  6138 | Temple   | Became a worshipper of Ashenzari the Shackled
  6273 | D:4      | Learned a level 5 spell: Blade Hands
  7311 | D:6      | Reached skill level 10 in Transmutations
  9132 | D:6      | Reached * piety under Ashenzari
  9223 | D:6      | Reached skill level 11 in Transmutations
  9234 | D:6      | Reached XP level 9. HP: 25/64 MP: 11/15
 11957 | D:8      | Reached ** piety under Ashenzari
 12055 | D:8      | Noticed an obsidian statue
 12400 | D:8      | Found a hide-covered altar of Uskayaw.
 12400 | D:8      | Found a shimmering blue altar of Sif Muna.
 12408 | D:8      | Found a radiant altar of Vehumet.
 12410 | D:8      | Found an ornate altar of the Wu Jian Council.
 12450 | D:8      | Found a burning altar of Makhleb.
 13621 | D:9      | Found a sparkling altar of Nemelex Xobeh.
 13621 | D:9      | Found a shadowy altar of Dithmenos.
 13622 | D:9      | Found a stormy altar of Qazlal.
 13628 | D:9      | Found Gokhouda's Book Emporium.
 13650 | D:9      | Found an ancient bone altar of Kikubaaqudgha.
 13827 | D:9      | Reached skill level 12 in Transmutations
 13907 | D:9      | Noticed a troll
 13919 | D:9      | Killed a troll
 13922 | D:9      | Noticed a manticore
 13931 | D:9      | Killed a manticore
 13932 | D:9      | Reached skill level 5 in Fighting
 13932 | D:9      | Reached skill level 5 in Unarmed Combat
 14450 | D:8      | Identified the +3 trident of Disorder {speed, Str+4}
 14551 | D:9      | Found a large runed translucent door.
 14552 | D:9      | Found a large runed translucent door.
 14668 | D:9      | Noticed a two-headed ogre
 14676 | D:9      | Killed a two-headed ogre
 14677 | D:9      | Reached skill level 1 in Air Magic
 14677 | D:9      | Reached skill level 1 in Evocations
 14677 | D:9      | Reached XP level 10. HP: 81/81 MP: 16/16
 15519 | D:10     | Entered Level 10 of the Dungeon
 15530 | D:10     | Found a snail-covered altar of Cheibriados.
 15535 | D:10     | Noticed a boulder beetle
 15546 | D:10     | Killed a boulder beetle
 16159 | D:10     | Learned a level 3 spell: Mephitic Cloud
 16953 | D:10     | Noticed Maurice
 16969 | D:10     | Killed Maurice
 16970 | D:10     | Reached skill level 5 in Spellcasting
 17123 | D:11     | Found a staircase to the Lair.
 17636 | D:11     | Noticed a two-headed ogre
 17643 | D:11     | Killed a two-headed ogre
 17644 | D:11     | Reached skill level 5 in Evocations
 17775 | D:11     | Reached skill level 5 in Air Magic
 17973 | D:11     | Reached XP level 11. HP: 65/86 MP: 14/18
 18385 | D:12     | Noticed a centaur warrior
 18385 | D:12     | Noticed a deep elf pyromancer
 18393 | D:12     | Killed a deep elf pyromancer
 18397 | D:12     | HP: 1/86 [cyclops/large rock (14)]
 18399 | D:11     | Killed a centaur warrior
 19223 | D:12     | Noticed a cyan ugly thing
 19227 | D:11     | HP: 4/86 [yak (5)]
 19235 | D:12     | Noticed Jorgrun
 19238 | D:12     | HP: 3/86 [cyan ugly thing (4)]
 19238 | D:12     | Mangled by a cyan ugly thing

Illustrated notes

Levels and vault maps discovered:
D:1:      minmay_arrival_four_houses, layout_loops_corners, hex_large,
          minmay_pentomino_o2
D:2:      layout_basic, marbit_many_paths
D:3:      layout_rooms, serial_undead, serial_undead_d, serial_undead_f,
          serial_undead_e, serial_undead_f, serial_undead_c
D:4:      layout_cave_pools, minmay_temple_entry_fiery, enter_ossuary_3,
          uniq_eustachio, uniq_duvessa
D:5:      layout_cave_pools
D:6:      layout_layer_cave
D:7:      layout_basic, minmay_liquid_box
D:8:      minmay_statue_hallways, layout_basic,
          chequers_temple_overflow_minitemple
D:9:      layout_grid_maze, nicolae_overflow_quartered_altars, serial_shops,
          shop, jmf_multi_god_temple2
D:10:     layout_gridville, basic_altar, uniq_maurice
D:11:     layout_roguey, lair_entry_dummy, kennysheep_doodads
D:12:     layout_cave_pools, orc_0_dummy, gauntlet_entry_generic, serial_rivers,
          chequers_serial_rivers_small_a, chequers_serial_rivers_micro_e,
          chequers_serial_rivers_small_b, chequers_serial_rivers_room_a,
          chequers_serial_rivers_micro_b, chequers_serial_rivers_room_b,
          uniq_jorgrun
Temple:   minmay_temple_bridge_abc

Skill      XL: |  1  2  3  4  5  6  7  8  9 10 11 |
---------------+----------------------------------+-----
Transmutations | 3 5 6 8 11 12 | 12.0
Spellcasting   | 3 4 5 |  5.0
Fighting       | 5 |  5.0
Unarmed Combat | 5 7 8 |  8.5
Air Magic      | 1 5 6 |  6.0
Evocations     | 1 5 6 |  6.0
Dodging        | |  1.7

Action                   |  1- 3 |  4- 6 |  7- 9 | 10-12 || total
-------------------------+-------+-------+-------+-------++-------
Melee: Unarmed           |    84 |    20 |   156 |   139 ||   399
       Kick              |    19 |    46 |    41 |       ||   106
       Headbutt          |     8 |    36 |    24 |       ||    68
       Tailslap          |     3 |    20 |    27 |    12 ||    62
       Punch             |     1 |     1 |     2 |     2 ||     6
       Spear             |       |   191 |   146 |       ||   337
       Staff             |       |       |       |     1 ||     1
 Cast: Beastly Appendage |    21 |    30 |    24 |       ||    75
       Wereblood         |       |     1 |     1 |     6 ||     8
       Blade Hands       |       |       |    41 |    21 ||    62
       Mephitic Cloud    |       |       |       |     2 ||     2
 Abil: Breathe Steam     |       |       |     6 |     5 ||    11
Evoke: Wand              |       |       |     2 |     3 ||     5
  Use: Potion            |       |     1 |     2 |     1 ||     4
       Scroll            |       |       |     8 |     2 ||    10
 Stab: Sleeping          |       |     1 |     1 |       ||     2
       Invisible         |       |       |     1 |       ||     1
       Paralysed         |       |       |     2 |     2 ||     4
       Confused          |       |       |       |     2 ||     2
Armor: Skin              |    35 |    66 |    89 |    61 ||   251
Dodge: Dodged            |    64 |   131 |   133 |   116 ||   444
Block: Buckler           |       |    13 |    13 |       ||    26

Table legend: (Time is in decaauts)
 A = Elapsed time spent in this place.
 B = Non-inter-level travel time spent in this place.
 C = Inter-level travel time spent in this place.
 D = Time resting spent in this place.
 E = Time spent auto-exploring this place.
 F = Levels seen in this place.
 G = Mean time per level.
                   A        B        C        D        E       F      G
               +--------+--------+--------+--------+--------+-----+--------+
         Total |  19266 |  18745 |    521 |   7835 |   8785 |  14 | 1376.1 |
       Dungeon |  17985 |  17464 |    521 |   7466 |   8170 |  12 | 1498.8 |
        Temple |    238 |    238 |      0 |      0 |    171 |   1 |  238.0 |
       Ossuary |   1041 |   1041 |      0 |    369 |    444 |   1 | 1041.0 |
               +--------+--------+--------+--------+--------+-----+--------+

Top non-repeatable levels by time:
     D:6: 2531 daAuts
     D:9: 2428 daAuts
    D:11: 2063 daAuts
     D:3: 1750 daAuts
     D:8: 1525 daAuts
     D:5: 1525 daAuts
     D:7: 1446 daAuts
     D:2: 1306 daAuts
     D:4: 1219 daAuts
    D:10: 1168 daAuts
 Ossuary: 1041 daAuts
     D:1: 939 daAuts
  Temple: 238 daAuts
    D:12: 82 daAuts
